Kings vs Sharks

Created - 12 novembre 2018 at 17:33

Goals
1 2 3 T
Kings 0 0 3 3
Sharks 0 2 0 2
Shots
1 2 3 T
Kings 7 10 13 30
Sharks 7 14 9 30

1st period

No Goal

Penalties :
Jonathan Toews (LOS) for Holding (Minor) at 3:57

2nd period

1. Sharks , T.J. Oshie 5 (Artemi Panarin 5, Matt Duchene 4) at 4:48
2. Sharks , Tom Wilson 2 (Cody Franson 3, Colin Miller 7) at 14:21

Penalties :
Mikko Rantanen (SJS) for Goalie Interference (Minor) at 2:39, Mark Jankowski (LOS) for Hooking (Minor) at 11:28

3rd period

3. Kings , Zemgus Girgensons 2 (Victor Rask 5, Erik Johnson 10) at 1:52
4. Kings , Evgeny Dadonov 4 (Jonathan Toews 4, Klas Dahlbeck 1) at 5:04
5. Kings , John Moore 2 (Matt Hunwick 5, Daniel Sedin 8) at 8:00

Penalties :
Nick Bjugstad (LOS) for Tripping (Minor) at 2:25

Goalie Stats

Jacob Markstrom (LOS), 28 saves from 30 shots - (0.933), W, 1-2-0, 60:00 minutes
Semyon Varlamov (SJS), 27 saves from 30 shots - (0.900), L, 9-4-0, 59:07 minutes

Players Stats for Kings

Player Name              G  A  P  +/- PIM S  H  SB GA TA FO     MP     PP MP  PK MP  
------------------------------------------------------------------------------------
Anthony Cirelli          0  0  0   0  0   2  0  1  0  0  3/5    18:52   1:17   1:53 
Austin Watson            0  0  0   0  0   1  2  0  0  0  0/0    12:07   0:00   1:51 
Dan Hamhuis              0  0  0  -1  0   0  0  1  0  0  0/0    24:35   0:00   3:30 
Daniel Sedin             0  1  1   0  0   2  0  0  0  0  0/2    16:00   0:42   0:00 
Erik Johnson             0  1  1   0  0   1  3  2  0  0  0/0    23:28   1:17   3:30 
Evgeny Dadonov           1  0  1   1  0   5  0  0  0  0  0/0    17:50   1:17   0:23 
Jesper Fast              0  0  0   0  0   3  1  0  0  0  0/3    14:45   0:42   3:43 
Joe Pavelski             0  0  0   1  0   2  0  1  0  0  1/1    17:50   1:17   0:23 
John Moore               1  0  1   0  0   2  5  0  0  0  0/0    20:29   0:00   2:27 
Jonathan Toews           0  1  1   1  2   3  1  0  0  0  13/25  17:26   1:17   0:00 
Klas Dahlbeck            0  1  1   1  0   0  3  2  0  0  0/0    15:21   0:00   0:00 
Mark Jankowski           0  0  0   0  2   2  0  0  0  0  9/18   16:23   0:42   0:00 
Matt Hunwick             0  1  1   1  0   0  3  1  0  0  0/0    18:05   0:00   2:27 
Nick Bjugstad            0  0  0   0  2   1  2  0  0  0  8/15    9:55   0:00   0:00 
Patrik Berglund          0  0  0   0  0   1  0  0  0  0  4/8    14:19   0:42   3:41 
Stephen Johns            0  0  0   1  0   1  2  0  0  0  0/0    15:21   0:00   0:00 
Victor Rask              0  1  1   0  0   2  0  0  0  0  6/14   10:58   0:42   0:00 
Zemgus Girgensons        1  0  1   0  0   2  1  0  0  0  1/1    10:16   0:00   0:00 

Players Stats for Sharks

Player Name              G  A  P  +/- PIM S  H  SB GA TA FO     MP     PP MP  PK MP  
------------------------------------------------------------------------------------
Artemi Panarin           0  1  1   1  0   3  1  0  0  0  0/1    19:41   2:51   0:00 
Cody Franson             0  1  1   0  0   1  1  1  0  0  0/0    14:10   0:00   0:00 
Colin Miller             0  1  1   0  0   2  4  1  0  0  0/0    18:48   3:00   1:13 
Dougie Hamilton          0  0  0   0  0   1  4  2  0  0  0/0    23:53   3:00   0:46 
Esa Lindell              0  0  0  -1  0   0  2  3  0  0  0/0    19:21   0:06   1:13 
Marc Staal               0  0  0   0  0   1  2  0  0  0  0/0    15:42   0:06   0:00 
Matt Duchene             0  1  1   1  0   1  1  0  0  0  12/29  18:23   2:13   0:00 
Michael Chaput           0  0  0  -1  0   0  0  0  0  0  2/2     7:13   0:06   0:00 
Mikael Granlund          0  0  0  -1  0   4  0  0  0  0  0/2    19:02   2:19   0:00 
Mikko Rantanen           0  0  0  -1  2   4  1  0  0  0  0/0    20:45   3:38   0:00 
Nate Thompson            0  0  0  -1  0   0  1  0  0  0  4/9     8:17   0:00   1:10 
Patrick Maroon           0  0  0  -1  0   1  0  0  0  0  0/0     8:27   1:20   0:00 
Riley Sheahan            0  0  0   0  0   2  0  0  0  0  10/18  12:49   0:00   1:10 
Sean Couturier           0  0  0  -1  0   3  3  0  0  0  19/29  21:35   3:38   0:49 
Seth Jones               0  0  0  -1  0   1  4  1  0  0  0/0    25:15   2:51   0:46 
T.J. Oshie               1  0  1   1  0   4  1  0  0  0  0/0    18:28   2:18   0:00 
Tom Wilson               1  0  1   0  0   2  2  0  0  0  0/1    12:28   0:00   0:49 
Travis Konecny           0  0  0   0  0   0  1  0  0  0  0/1    13:43   2:19   0:00 

3 Stars

1 - John Moore (LOS)
2 - Evgeny Dadonov (LOS)
3 - Klas Dahlbeck (LOS)

Power Play

Kings - 0 on 1 Attempt(s) - 0.00%
Sharks - 0 on 3 Attempt(s) - 0.00%

Penalty Kill

Kings - 3 on 3 Attempt(s) - 100.00% - Score 0 goal in Penalty Kill
Sharks - 1 on 1 Attempt(s) - 100.00% - Score 0 goal in Penalty Kill

Team Stat

Kings - Hits : 23 - Faceoff Wins : 45 - Blocked Shots : 8 - Penalty Minutes : 6
Sharks - Hits : 28 - Faceoff Wins : 47 - Blocked Shots : 8 - Penalty Minutes : 2

Official

Referees : Dave Jackson and Brad Watson
Linesman : Derek Amell and Trent Knorr

Game Notes

No Game Note

Finance

Level 1 -- Attendance: 5550 (85.38%) -- Ticket Income 610 500 $
Level 2 -- Attendance: 4555 (91.10%) -- Ticket Income 341 625 $
Level 3 -- Attendance: 3171 (90.60%) -- Ticket Income 174 405 $
Level 4 -- Attendance: 1562 (100.00%) -- Ticket Income 60 918 $
Luxury Box -- Attendance: 887 (88.70%) -- Ticket Income 176 513 $
Game was played at the SAP center.
Total Attendance: 15725 (89.54%)
Total Ticket Income: 1 363 961 $
Other Income: 668 341 $
Total Income: 2 032 302 $

% Time on Ice - Kings

Lines # - Real PCT - Wanted PCT - Time Play
Normal Forward
1 - 31% - 30% - 16:10
2 - 30% - 30% - 15:18
3 - 19% - 20% - 9:56
4 - 20% - 20% - 10:16
Normal Defense
1 - 35% - 40% - 18:17
2 - 29% - 30% - 15:14
3 - 30% - 20% - 15:21
4 - 5% - 10% - 2:48
PP Forward
1 - 65% - 60% - 1:17
2 - 35% - 40% - 0:42
PP Defense
1 - 65% - 60% - 1:17
2 - 35% - 40% - 0:42
PK Forward
1 - 75% - 60% - 4:27
2 - 25% - 40% - 1:30
PK Defense
1 - 59% - 60% - 3:30
2 - 41% - 40% - 2:27
PK3 Forward
1 - 0% - 60%
2 - 0% - 40%
PK3 Defense
1 - 0% - 60%
2 - 0% - 40%
44 Forward
1 - 0% - 60%
2 - 0% - 40%
44 Defense
1 - 0% - 60%
2 - 0% - 40%
Last Minute Offensive  - 0:00
Last Minute Defensive  - 0:24
Total
Forward - 60:00
Defense - 60:00

% Time on Ice - Sharks

Lines # - Real PCT - Wanted PCT - Time Play
Normal Forward
1 - 32% - 33% - 16:28
2 - 31% - 33% - 16:10
3 - 23% - 21% - 11:39
4 - 14% - 13% - 7:07
Normal Defense
1 - 34% - 33% - 17:39
2 - 30% - 33% - 15:36
3 - 28% - 22% - 14:10
4 - 8% - 12% - 3:59
PP Forward
1 - 61% - 50% - 3:38
2 - 39% - 50% - 2:19
PP Defense
1 - 50% - 60% - 2:57
2 - 50% - 40% - 3:00
PK Forward
1 - 59% - 60% - 1:10
2 - 41% - 40% - 0:49
PK Defense
1 - 61% - 60% - 1:13
2 - 39% - 40% - 0:46
PK3 Forward
1 - 0% - 50%
2 - 0% - 50%
PK3 Defense
1 - 0% - 60%
2 - 0% - 40%
44 Forward
1 - 0% - 60%
2 - 0% - 40%
44 Defense
1 - 0% - 50%
2 - 0% - 50%
Last Minute Offensive  - 0:40
Last Minute Defensive  - 0:00
Total
Forward - 60:00
Defense - 60:00

Play-by-Play

1st period


0:01 of 1st period - Sean Couturier wins face-off versus Jonathan Toews in neutral zone.
0:04 of 1st period - Erik Johnson is hit by Sean Couturier and loses puck.
0:10 of 1st period - Icing by Erik Johnson.
0:11 of 1st period - Matt Duchene wins face-off versus Jonathan Toews in Kings zone.
0:14 of 1st period - Shot by Artemi Panarin.
0:14 of 1st period - Shot Misses the Net.
0:34 of 1st period - Shot by Evgeny Dadonov.
0:34 of 1st period - Stopped by Semyon Varlamov without a rebound.
0:35 of 1st period - Mark Jankowski wins face-off versus Riley Sheahan in Sharks zone.
0:35 of 1st period - Mark Jankowski is hit by Colin Miller.
0:39 of 1st period - Shot by Daniel Sedin.
0:39 of 1st period - Shot Misses the Net.
0:54 of 1st period - Mark Jankowski is hit by Colin Miller and loses puck.
1:32 of 1st period - John Moore is hit by Seth Jones and loses puck.
1:55 of 1st period - Shot by Nick Bjugstad.
1:55 of 1st period - Stopped by Semyon Varlamov without a rebound.
1:56 of 1st period - Nate Thompson wins face-off versus Victor Rask in Sharks zone.
1:56 of 1st period - Dougie Hamilton is hit by Zemgus Girgensons and loses puck.
2:17 of 1st period - Victor Rask is hit by Marc Staal and loses puck.
2:38 of 1st period - Icing by Erik Johnson.
2:39 of 1st period - Victor Rask wins face-off versus Matt Duchene in Kings zone.
3:20 of 1st period - Shot by Nick Bjugstad.
3:20 of 1st period - Shot Misses the Net.
3:22 of 1st period - Shot by Patrik Berglund.
3:22 of 1st period - Shot Misses the Net.
3:24 of 1st period - Shot by Klas Dahlbeck.
3:24 of 1st period - Shot Blocked by Esa Lindell.
3:46 of 1st period - Shot by Joe Pavelski.
3:46 of 1st period - Shot Misses the Net.
3:48 of 1st period - Shot by John Moore.
3:48 of 1st period - Shot Misses the Net.
3:57 of 1st period - Minor Penalty to Jonathan Toews for Holding.
3:58 of 1st period - Sean Couturier wins face-off versus Patrik Berglund in Kings zone.
4:31 of 1st period - Shot by Sean Couturier.
4:31 of 1st period - Shot Hit the Post.
4:33 of 1st period - Shot by Mikko Rantanen.
4:33 of 1st period - Shot Blocked by Matt Hunwick.
5:37 of 1st period - Dan Hamhuis is hit by Travis Konecny and loses puck.
6:11 of 1st period - Shot by Riley Sheahan.
6:11 of 1st period - Stopped by Jacob Markstrom without a rebound.
6:12 of 1st period - Jonathan Toews wins face-off versus Riley Sheahan in Kings zone.
6:17 of 1st period - Shot by Jonathan Toews.
6:17 of 1st period - Shot Misses the Net.
6:19 of 1st period - Shot by Joe Pavelski.
6:19 of 1st period - Stopped by Semyon Varlamov without a rebound.
6:20 of 1st period - Jonathan Toews wins face-off versus Nate Thompson in Sharks zone.
6:29 of 1st period - Shot by Evgeny Dadonov.
6:29 of 1st period - Shot Misses the Net.
6:31 of 1st period - Shot by Jonathan Toews.
6:31 of 1st period - Shot Misses the Net.
7:50 of 1st period - Off-side.
7:51 of 1st period - Mark Jankowski wins face-off versus Sean Couturier in neutral zone.
7:53 of 1st period - Off-side.
7:54 of 1st period - Sean Couturier wins face-off versus Mark Jankowski in neutral zone.
8:01 of 1st period - Shot by Sean Couturier.
8:01 of 1st period - Shot Misses the Net.
8:03 of 1st period - Shot by Mikael Granlund.
8:03 of 1st period - Shot Misses the Net.
8:16 of 1st period - Dan Hamhuis is hit by Cody Franson.
9:05 of 1st period - Shot by Patrik Berglund.
9:05 of 1st period - Shot Misses the Net.
9:19 of 1st period - Shot by Patrik Berglund.
9:19 of 1st period - Stopped by Semyon Varlamov without a rebound.
9:20 of 1st period - Nate Thompson wins face-off versus Jonathan Toews in Sharks zone.
9:24 of 1st period - Icing by Patrick Maroon.
9:25 of 1st period - Jonathan Toews wins face-off versus Nate Thompson in Sharks zone.
10:25 of 1st period - Shot by Victor Rask.
10:25 of 1st period - Shot Misses the Net.
10:27 of 1st period - Shot by Austin Watson.
10:27 of 1st period - Stopped by Semyon Varlamov with a rebound.
10:38 of 1st period - Austin Watson is hit by Seth Jones and loses puck.
11:03 of 1st period - Shot by Anthony Cirelli.
11:03 of 1st period - Stopped by Semyon Varlamov without a rebound.
11:04 of 1st period - Nick Bjugstad wins face-off versus Sean Couturier in Sharks zone.
11:38 of 1st period - Patrik Berglund is hit by Dougie Hamilton and loses puck.
12:07 of 1st period - Shot by Cody Franson.
12:07 of 1st period - Stopped by Jacob Markstrom without a rebound.
12:08 of 1st period - Matt Duchene wins face-off versus Jonathan Toews in Kings zone.
12:15 of 1st period - Shot by T.J. Oshie.
12:15 of 1st period - Stopped by Jacob Markstrom without a rebound.
12:16 of 1st period - Mark Jankowski wins face-off versus Matt Duchene in Kings zone.
12:37 of 1st period - Shot by T.J. Oshie.
12:37 of 1st period - Deflect By Artemi Panarin.
12:37 of 1st period - Stopped by Jacob Markstrom without a rebound.
12:38 of 1st period - Jonathan Toews wins face-off versus Tom Wilson in Kings zone.
12:38 of 1st period - Joe Pavelski is hit by Tom Wilson and loses puck.
13:05 of 1st period - Seth Jones is hit by Klas Dahlbeck and loses puck.
14:21 of 1st period - Shot by T.J. Oshie.
14:21 of 1st period - Stopped by Jacob Markstrom with a rebound.
14:27 of 1st period - Shot by Artemi Panarin.
14:27 of 1st period - Stopped by Jacob Markstrom without a rebound.
14:28 of 1st period - Michael Chaput wins face-off versus Victor Rask in Kings zone.
14:28 of 1st period - Michael Chaput is hit by Matt Hunwick.
14:53 of 1st period - Esa Lindell is hit by Matt Hunwick and loses puck.
15:00 of 1st period - Matt Hunwick is hit by Nate Thompson and loses puck.
15:14 of 1st period - Esa Lindell is hit by Jonathan Toews.
15:28 of 1st period - Shot by Joe Pavelski.
15:28 of 1st period - Shot Misses the Net.
15:54 of 1st period - Shot by Matt Duchene.
15:54 of 1st period - Shot Blocked by Joe Pavelski.
15:56 of 1st period - Shot by T.J. Oshie.
15:56 of 1st period - Shot Misses the Net.
16:26 of 1st period - Shot by Mikael Granlund.
16:26 of 1st period - Stopped by Jacob Markstrom without a rebound.
16:27 of 1st period - Nick Bjugstad wins face-off versus Riley Sheahan in Kings zone.
17:04 of 1st period - Off-side.
17:05 of 1st period - Sean Couturier wins face-off versus Mark Jankowski in neutral zone.
17:17 of 1st period - Icing by Mikko Rantanen.
17:18 of 1st period - Sean Couturier wins face-off versus Victor Rask in Sharks zone.
17:36 of 1st period - Mikko Rantanen is hit by John Moore and loses puck.
17:55 of 1st period - Austin Watson is hit by Sean Couturier.
17:56 of 1st period - Icing by Austin Watson.
17:57 of 1st period - Zemgus Girgensons wins face-off versus Matt Duchene in Kings zone.
18:37 of 1st period - Icing by Erik Johnson.
18:38 of 1st period - Riley Sheahan wins face-off versus Mark Jankowski in Kings zone.
19:57 of 1st period - Shot by Evgeny Dadonov.
19:57 of 1st period - Stopped by Semyon Varlamov without a rebound.
19:58 of 1st period - Nick Bjugstad wins face-off versus Matt Duchene in Sharks zone.
19:59 of 1st period - Shot by Jesper Fast.
19:59 of 1st period - Shot Blocked by Esa Lindell.
Goals for this period are 0 for Kings vs 0 for Sharks.
Shots for this period are 7 for Kings vs 7 for Sharks.

2nd period


0:01 of 2nd period - Matt Duchene wins face-off versus Nick Bjugstad in neutral zone.
0:03 of 2nd period - Dougie Hamilton is hit by John Moore and loses puck.
0:18 of 2nd period - Shot by Jesper Fast.
0:18 of 2nd period - Stopped by Semyon Varlamov without a rebound.
0:19 of 2nd period - Jonathan Toews wins face-off versus Sean Couturier in Sharks zone.
0:42 of 2nd period - Shot by Joe Pavelski.
0:42 of 2nd period - Stopped by Semyon Varlamov without a rebound.
0:43 of 2nd period - Nick Bjugstad wins face-off versus Matt Duchene in Sharks zone.
0:50 of 2nd period - Shot by Artemi Panarin.
0:50 of 2nd period - Stopped by Jacob Markstrom with a rebound.
0:52 of 2nd period - Shot by Matt Duchene.
0:52 of 2nd period - Stopped by Jacob Markstrom without a rebound.
0:53 of 2nd period - Mark Jankowski wins face-off versus Riley Sheahan in Kings zone.
1:25 of 2nd period - Shot by Tom Wilson.
1:25 of 2nd period - Shot Misses the Net.
1:27 of 2nd period - Shot by Dougie Hamilton.
1:27 of 2nd period - Shot Blocked by Erik Johnson.
1:29 of 2nd period - Shot by Marc Staal.
1:29 of 2nd period - Shot Misses the Net.
1:31 of 2nd period - Shot by Marc Staal.
1:31 of 2nd period - Stopped by Jacob Markstrom without a rebound.
1:32 of 2nd period - Matt Duchene wins face-off versus Nick Bjugstad in Kings zone.
1:33 of 2nd period - Shot by Artemi Panarin.
1:33 of 2nd period - Shot Misses the Net.
2:07 of 2nd period - Shot by Matt Duchene.
2:07 of 2nd period - Shot Misses the Net.
2:34 of 2nd period - Icing by Klas Dahlbeck.
2:35 of 2nd period - Jonathan Toews wins face-off versus Sean Couturier in Kings zone.
2:35 of 2nd period - Joe Pavelski is hit by Sean Couturier and loses puck.
2:39 of 2nd period - Minor Penalty to Mikko Rantanen for Goalie Interference.
2:40 of 2nd period - Nate Thompson wins face-off versus Jonathan Toews in Sharks zone.
3:03 of 2nd period - Shot by Jonathan Toews.
3:03 of 2nd period - Stopped by Semyon Varlamov without a rebound.
3:04 of 2nd period - Victor Rask wins face-off versus Riley Sheahan in Sharks zone.
3:33 of 2nd period - Shot by Jesper Fast.
3:33 of 2nd period - Deflect By Daniel Sedin.
3:33 of 2nd period - Stopped by Semyon Varlamov with a rebound.
3:35 of 2nd period - Shot by Jesper Fast.
3:35 of 2nd period - Shot Blocked by Dougie Hamilton.
3:52 of 2nd period - Icing by Evgeny Dadonov.
3:53 of 2nd period - Anthony Cirelli wins face-off versus Sean Couturier in Kings zone.
4:48 of 2nd period - Shot by Artemi Panarin.
4:48 of 2nd period - Deflect By T.J. Oshie.
4:48 of 2nd period - Goal by T.J. Oshie - Kings : 0 - Sharks : 1.
4:49 of 2nd period - Victor Rask wins face-off versus Matt Duchene in neutral zone.
5:00 of 2nd period - Shot by Zemgus Girgensons.
5:00 of 2nd period - Stopped by Semyon Varlamov without a rebound.
5:01 of 2nd period - Matt Duchene wins face-off versus Nick Bjugstad in Sharks zone.
5:01 of 2nd period - Matt Duchene is hit by Jesper Fast.
5:10 of 2nd period - Icing by Stephen Johns.
5:11 of 2nd period - Sean Couturier wins face-off versus Nick Bjugstad in Kings zone.
5:32 of 2nd period - Shot by Jesper Fast.
5:32 of 2nd period - Stopped by Semyon Varlamov without a rebound.
5:33 of 2nd period - Jonathan Toews wins face-off versus Matt Duchene in Sharks zone.
5:44 of 2nd period - Shot by Jonathan Toews.
5:44 of 2nd period - Shot Blocked by Dougie Hamilton.
6:21 of 2nd period - Icing by Erik Johnson.
6:22 of 2nd period - Jonathan Toews wins face-off versus Sean Couturier in Kings zone.
7:00 of 2nd period - John Moore is hit by Esa Lindell and loses puck.
7:10 of 2nd period - Off-side.
7:11 of 2nd period - Riley Sheahan wins face-off versus Victor Rask in neutral zone.
7:17 of 2nd period - Icing by Klas Dahlbeck.
7:18 of 2nd period - Victor Rask wins face-off versus Artemi Panarin in Kings zone.
7:18 of 2nd period - Victor Rask is hit by Matt Duchene.
7:43 of 2nd period - Shot by Artemi Panarin.
7:43 of 2nd period - Shot Hit the Post.
8:05 of 2nd period - Erik Johnson is hit by Dougie Hamilton and loses puck.
9:14 of 2nd period - Joe Pavelski is hit by Seth Jones and loses puck.
9:53 of 2nd period - Tom Wilson is hit by Nick Bjugstad and loses puck.
10:35 of 2nd period - Austin Watson is hit by Marc Staal and loses puck.
10:54 of 2nd period - Shot by Nate Thompson.
10:54 of 2nd period - Deflect By Patrick Maroon.
10:54 of 2nd period - Stopped by Jacob Markstrom without a rebound.
10:55 of 2nd period - Matt Duchene wins face-off versus Mark Jankowski in Kings zone.
11:07 of 2nd period - Icing by John Moore.
11:08 of 2nd period - Anthony Cirelli wins face-off versus Matt Duchene in Kings zone.
11:18 of 2nd period - Daniel Sedin is hit by Esa Lindell and loses puck.
11:28 of 2nd period - Minor Penalty to Mark Jankowski for Hooking.
11:29 of 2nd period - Patrik Berglund wins face-off versus Matt Duchene in Kings zone.
11:41 of 2nd period - Icing by Dougie Hamilton.
11:42 of 2nd period - Patrik Berglund wins face-off versus Matt Duchene in Sharks zone.
12:05 of 2nd period - Shot by Mikael Granlund.
12:05 of 2nd period - Stopped by Jacob Markstrom without a rebound.
12:06 of 2nd period - Sean Couturier wins face-off versus Patrik Berglund in Kings zone.
12:06 of 2nd period - Sean Couturier is hit by John Moore.
12:30 of 2nd period - Shot by Mikko Rantanen.
12:30 of 2nd period - Stopped by Jacob Markstrom without a rebound.
12:31 of 2nd period - Anthony Cirelli wins face-off versus Matt Duchene in Kings zone.
12:39 of 2nd period - Off-side.
12:40 of 2nd period - Sean Couturier wins face-off versus Patrik Berglund in neutral zone.
12:59 of 2nd period - Shot by T.J. Oshie.
12:59 of 2nd period - Shot Misses the Net.
13:41 of 2nd period - Shot by Joe Pavelski.
13:41 of 2nd period - Deflect By Evgeny Dadonov.
13:41 of 2nd period - Stopped by Semyon Varlamov without a rebound.
13:42 of 2nd period - Mark Jankowski wins face-off versus Riley Sheahan in Sharks zone.
14:19 of 2nd period - Shot by Tom Wilson.
14:19 of 2nd period - Stopped by Jacob Markstrom with a rebound.
14:21 of 2nd period - Shot by Tom Wilson.
14:21 of 2nd period - Goal by Tom Wilson - Kings : 0 - Sharks : 2.
14:22 of 2nd period - Michael Chaput wins face-off versus Jonathan Toews in neutral zone.
14:35 of 2nd period - Icing by Dougie Hamilton.
14:36 of 2nd period - Nate Thompson wins face-off versus Victor Rask in Sharks zone.
14:40 of 2nd period - Icing by Seth Jones.
14:41 of 2nd period - Joe Pavelski wins face-off versus Nate Thompson in Sharks zone.
15:16 of 2nd period - Shot by Seth Jones.
15:16 of 2nd period - Stopped by Jacob Markstrom without a rebound.
15:17 of 2nd period - Sean Couturier wins face-off versus Mark Jankowski in Kings zone.
15:32 of 2nd period - Shot by Mark Jankowski.
15:32 of 2nd period - Deflect By Anthony Cirelli.
15:32 of 2nd period - Shot Misses the Net.
15:47 of 2nd period - Shot by Anthony Cirelli.
15:47 of 2nd period - Stopped by Semyon Varlamov with a rebound.
15:49 of 2nd period - Shot by Mark Jankowski.
15:49 of 2nd period - Shot Misses the Net.
15:51 of 2nd period - Shot by Erik Johnson.
15:51 of 2nd period - Stopped by Semyon Varlamov without a rebound.
15:52 of 2nd period - Nick Bjugstad wins face-off versus Matt Duchene in Sharks zone.
15:53 of 2nd period - Shot by Patrik Berglund.
15:53 of 2nd period - Shot Misses the Net.
16:09 of 2nd period - Shot by Nick Bjugstad.
16:09 of 2nd period - Shot Misses the Net.
16:38 of 2nd period - Icing by Stephen Johns.
16:39 of 2nd period - Nick Bjugstad wins face-off versus Sean Couturier in Kings zone.
16:41 of 2nd period - Icing by Patrik Berglund.
16:42 of 2nd period - Nick Bjugstad wins face-off versus Mikael Granlund in Kings zone.
16:57 of 2nd period - Shot by Mikael Granlund.
16:57 of 2nd period - Stopped by Jacob Markstrom without a rebound.
16:58 of 2nd period - Riley Sheahan wins face-off versus Jonathan Toews in Kings zone.
17:17 of 2nd period - Shot by Evgeny Dadonov.
17:17 of 2nd period - Shot Misses the Net.
17:19 of 2nd period - Shot by Jonathan Toews.
17:19 of 2nd period - Stopped by Semyon Varlamov without a rebound.
17:20 of 2nd period - Mark Jankowski wins face-off versus Sean Couturier in Sharks zone.
17:27 of 2nd period - Shot by Mikko Rantanen.
17:27 of 2nd period - Shot Hit the Post.
17:37 of 2nd period - Shot by Mikko Rantanen.
17:37 of 2nd period - Stopped by Jacob Markstrom without a rebound.
17:38 of 2nd period - Jonathan Toews wins face-off versus Matt Duchene in Kings zone.
17:58 of 2nd period - T.J. Oshie is hit by Erik Johnson and loses puck.
18:11 of 2nd period - Shot by Seth Jones.
18:11 of 2nd period - Shot Misses the Net.
18:35 of 2nd period - Shot by Sean Couturier.
18:35 of 2nd period - Shot Blocked by Erik Johnson.
18:38 of 2nd period - Icing by Erik Johnson.
18:39 of 2nd period - Sean Couturier wins face-off versus Jonathan Toews in Kings zone.
18:39 of 2nd period - Sean Couturier is hit by Erik Johnson.
18:43 of 2nd period - Shot by Mikko Rantanen.
18:43 of 2nd period - Stopped by Jacob Markstrom without a rebound.
18:44 of 2nd period - Sean Couturier wins face-off versus Mark Jankowski in Kings zone.
18:49 of 2nd period - Shot by Sean Couturier.
18:49 of 2nd period - Shot Misses the Net.
19:05 of 2nd period - Shot by Sean Couturier.
19:05 of 2nd period - Shot Misses the Net.
19:09 of 2nd period - Shot by Mikko Rantanen.
19:09 of 2nd period - Shot Misses the Net.
19:13 of 2nd period - Shot by Sean Couturier.
19:13 of 2nd period - Stopped by Jacob Markstrom with a rebound.
19:50 of 2nd period - Off-side.
19:51 of 2nd period - Matt Duchene wins face-off versus Nick Bjugstad in neutral zone.
19:54 of 2nd period - Patrik Berglund is hit by Artemi Panarin and loses puck.
Goals for this period are 0 for Kings vs 2 for Sharks.
Shots for this period are 10 for Kings vs 14 for Sharks.

3rd period


0:01 of 3rd period - Sean Couturier wins face-off versus Victor Rask in neutral zone.
0:01 of 3rd period - Sean Couturier is hit by Austin Watson.
0:19 of 3rd period - Shot by Mikko Rantanen.
0:19 of 3rd period - Stopped by Jacob Markstrom with a rebound.
0:21 of 3rd period - Shot by Dougie Hamilton.
0:21 of 3rd period - Shot Misses the Net.
0:25 of 3rd period - Shot by Sean Couturier.
0:25 of 3rd period - Stopped by Jacob Markstrom without a rebound.
0:26 of 3rd period - Matt Duchene wins face-off versus Jonathan Toews in Kings zone.
0:26 of 3rd period - Matt Duchene is hit by Matt Hunwick.
0:30 of 3rd period - Shot by T.J. Oshie.
0:30 of 3rd period - Shot Misses the Net.
1:46 of 3rd period - Shot by Zemgus Girgensons.
1:46 of 3rd period - Shot Misses the Net.
1:50 of 3rd period - Shot by Victor Rask.
1:50 of 3rd period - Shot Misses the Net.
1:52 of 3rd period - Shot by Zemgus Girgensons.
1:52 of 3rd period - Goal by Zemgus Girgensons - Kings : 1 - Sharks : 2.
1:53 of 3rd period - Mark Jankowski wins face-off versus Travis Konecny in neutral zone.
2:02 of 3rd period - Shot by Daniel Sedin.
2:02 of 3rd period - Stopped by Semyon Varlamov with a rebound.
2:04 of 3rd period - Shot by Mark Jankowski.
2:04 of 3rd period - Stopped by Semyon Varlamov with a rebound.
2:06 of 3rd period - Shot by Stephen Johns.
2:06 of 3rd period - Stopped by Semyon Varlamov with a rebound.
2:08 of 3rd period - Shot by Mark Jankowski.
2:08 of 3rd period - Shot Misses the Net.
2:20 of 3rd period - Shot by Mark Jankowski.
2:20 of 3rd period - Shot Misses the Net.
2:22 of 3rd period - Shot by Mark Jankowski.
2:22 of 3rd period - Shot Misses the Net.
2:24 of 3rd period - Shot by Mark Jankowski.
2:24 of 3rd period - Stopped by Semyon Varlamov without a rebound.
2:25 of 3rd period - Sean Couturier wins face-off versus Jesper Fast in Sharks zone.
2:25 of 3rd period - Minor Penalty to Nick Bjugstad for Tripping.
2:26 of 3rd period - Patrik Berglund wins face-off versus Sean Couturier in Kings zone.
2:26 of 3rd period - Patrik Berglund is hit by Mikko Rantanen.
2:44 of 3rd period - Dan Hamhuis is hit by T.J. Oshie.
3:02 of 3rd period - Icing by Artemi Panarin.
3:03 of 3rd period - Sean Couturier wins face-off versus Anthony Cirelli in Sharks zone.
3:07 of 3rd period - Icing by Mikko Rantanen.
3:08 of 3rd period - Patrik Berglund wins face-off versus Sean Couturier in Sharks zone.
3:43 of 3rd period - Shot by Dougie Hamilton.
3:43 of 3rd period - Stopped by Jacob Markstrom without a rebound.
3:44 of 3rd period - Matt Duchene wins face-off versus Patrik Berglund in Kings zone.
3:44 of 3rd period - Mikael Granlund is hit by Erik Johnson and loses puck.
3:59 of 3rd period - Shot by Colin Miller.
3:59 of 3rd period - Stopped by Jacob Markstrom without a rebound.
4:00 of 3rd period - Sean Couturier wins face-off versus Anthony Cirelli in Kings zone.
4:02 of 3rd period - T.J. Oshie is hit by John Moore and loses puck.
4:05 of 3rd period - Shot by T.J. Oshie.
4:05 of 3rd period - Stopped by Jacob Markstrom without a rebound.
4:06 of 3rd period - Matt Duchene wins face-off versus Jesper Fast in Kings zone.
5:04 of 3rd period - Shot by Evgeny Dadonov.
5:04 of 3rd period - Goal by Evgeny Dadonov - Kings : 2 - Sharks : 2.
5:05 of 3rd period - Sean Couturier wins face-off versus Mark Jankowski in neutral zone.
5:14 of 3rd period - Shot by Mikael Granlund.
5:14 of 3rd period - Shot Blocked by Dan Hamhuis.
5:23 of 3rd period - Icing by Dan Hamhuis.
5:24 of 3rd period - Mark Jankowski wins face-off versus Matt Duchene in Kings zone.
5:50 of 3rd period - Shot by T.J. Oshie.
5:50 of 3rd period - Shot Misses the Net.
5:52 of 3rd period - Shot by T.J. Oshie.
5:52 of 3rd period - Shot Blocked by Anthony Cirelli.
5:54 of 3rd period - Shot by Colin Miller.
5:54 of 3rd period - Stopped by Jacob Markstrom without a rebound.
5:55 of 3rd period - Sean Couturier wins face-off versus Nick Bjugstad in Kings zone.
6:14 of 3rd period - Shot by Sean Couturier.
6:14 of 3rd period - Stopped by Jacob Markstrom with a rebound.
6:55 of 3rd period - Off-side.
6:56 of 3rd period - Jonathan Toews wins face-off versus Matt Duchene in neutral zone.
7:01 of 3rd period - Shot by Evgeny Dadonov.
7:01 of 3rd period - Stopped by Semyon Varlamov without a rebound.
7:02 of 3rd period - Victor Rask wins face-off versus Matt Duchene in Sharks zone.
7:27 of 3rd period - Shot by Victor Rask.
7:27 of 3rd period - Stopped by Semyon Varlamov without a rebound.
7:28 of 3rd period - Riley Sheahan wins face-off versus Daniel Sedin in Sharks zone.
7:54 of 3rd period - Shot by John Moore.
7:54 of 3rd period - Shot Blocked by Cody Franson.
7:56 of 3rd period - Shot by John Moore.
7:56 of 3rd period - Shot Misses the Net.
7:58 of 3rd period - Shot by Matt Hunwick.
7:58 of 3rd period - Shot Blocked by Colin Miller.
8:00 of 3rd period - Shot by John Moore.
8:00 of 3rd period - Goal by John Moore - Kings : 3 - Sharks : 2.
8:01 of 3rd period - Jonathan Toews wins face-off versus Mikael Granlund in neutral zone.
9:13 of 3rd period - Shot by Patrik Berglund.
9:13 of 3rd period - Shot Blocked by Esa Lindell.
9:23 of 3rd period - Shot by T.J. Oshie.
9:23 of 3rd period - Shot Blocked by Klas Dahlbeck.
9:42 of 3rd period - Icing by Matt Hunwick.
9:43 of 3rd period - Riley Sheahan wins face-off versus Daniel Sedin in Kings zone.
10:13 of 3rd period - Anthony Cirelli is hit by Colin Miller and loses puck.
10:20 of 3rd period - Shot by John Moore.
10:20 of 3rd period - Stopped by Semyon Varlamov without a rebound.
10:21 of 3rd period - Victor Rask wins face-off versus Nate Thompson in Sharks zone.
10:31 of 3rd period - Icing by Nate Thompson.
10:32 of 3rd period - Jonathan Toews wins face-off versus Nate Thompson in Sharks zone.
10:32 of 3rd period - Jonathan Toews is hit by Dougie Hamilton.
10:48 of 3rd period - Shot by Evgeny Dadonov.
10:48 of 3rd period - Shot Misses the Net.
12:38 of 3rd period - Shot by T.J. Oshie.
12:38 of 3rd period - Shot Blocked by Klas Dahlbeck.
12:41 of 3rd period - Icing by Klas Dahlbeck.
12:42 of 3rd period - Mark Jankowski wins face-off versus Riley Sheahan in Kings zone.
12:42 of 3rd period - Mark Jankowski is hit by Tom Wilson.
13:01 of 3rd period - Travis Konecny is hit by Stephen Johns and loses puck.
13:04 of 3rd period - Shot by Riley Sheahan.
13:04 of 3rd period - Stopped by Jacob Markstrom without a rebound.
13:05 of 3rd period - Matt Duchene wins face-off versus Jesper Fast in Kings zone.
13:35 of 3rd period - Off-side.
13:36 of 3rd period - Sean Couturier wins face-off versus Victor Rask in neutral zone.
13:53 of 3rd period - Shot by Mikael Granlund.
13:53 of 3rd period - Stopped by Jacob Markstrom without a rebound.
13:54 of 3rd period - Riley Sheahan wins face-off versus Mark Jankowski in Kings zone.
13:54 of 3rd period - Seth Jones is hit by Stephen Johns and loses puck.
14:02 of 3rd period - Riley Sheahan is hit by Klas Dahlbeck and loses puck.
14:26 of 3rd period - Icing by Seth Jones.
14:27 of 3rd period - Riley Sheahan wins face-off versus Jonathan Toews in Sharks zone.
14:31 of 3rd period - Icing by Travis Konecny.
14:32 of 3rd period - Jonathan Toews wins face-off versus Riley Sheahan in Sharks zone.
14:34 of 3rd period - Evgeny Dadonov is hit by Seth Jones and loses puck.
14:43 of 3rd period - Shot by Evgeny Dadonov.
14:43 of 3rd period - Shot Misses the Net.
14:45 of 3rd period - Shot by Dan Hamhuis.
14:45 of 3rd period - Shot Misses the Net.
14:47 of 3rd period - Shot by Jonathan Toews.
14:47 of 3rd period - Stopped by Semyon Varlamov without a rebound.
14:48 of 3rd period - Sean Couturier wins face-off versus Victor Rask in Sharks zone.
14:54 of 3rd period - Mikael Granlund is hit by Klas Dahlbeck and loses puck.
15:06 of 3rd period - Zemgus Girgensons is hit by Dougie Hamilton.
15:10 of 3rd period - Shot by Victor Rask.
15:10 of 3rd period - Stopped by Semyon Varlamov with a rebound.
15:38 of 3rd period - Off-side.
15:39 of 3rd period - Nick Bjugstad wins face-off versus Matt Duchene in neutral zone.
15:51 of 3rd period - Shot by Nick Bjugstad.
15:51 of 3rd period - Shot Blocked by Seth Jones.
15:53 of 3rd period - Shot by Jesper Fast.
15:53 of 3rd period - Shot Misses the Net.
15:55 of 3rd period - Shot by Jesper Fast.
15:55 of 3rd period - Stopped by Semyon Varlamov without a rebound.
15:56 of 3rd period - Riley Sheahan wins face-off versus Mark Jankowski in Sharks zone.
16:22 of 3rd period - Dan Hamhuis is hit by Colin Miller and loses puck.
16:30 of 3rd period - Icing by Riley Sheahan.
16:31 of 3rd period - Riley Sheahan wins face-off versus Jonathan Toews in Sharks zone.
16:54 of 3rd period - Icing by Dougie Hamilton.
16:55 of 3rd period - Matt Duchene wins face-off versus Nick Bjugstad in Sharks zone.
17:20 of 3rd period - Matt Duchene is hit by Nick Bjugstad.
17:52 of 3rd period - Shot by Mikko Rantanen.
17:52 of 3rd period - Shot Misses the Net.
18:23 of 3rd period - Sean Couturier is hit by John Moore and loses puck.
18:35 of 3rd period - Icing by John Moore.
18:36 of 3rd period - Riley Sheahan wins face-off versus Jonathan Toews in Kings zone.
19:02 of 3rd period - Travis Konecny is hit by Austin Watson and loses puck.
19:07 of 3rd period - Sharks, Semyon Varlamov is pulled from the net.
Goals for this period are 3 for Kings vs 0 for Sharks.
Shots for this period are 13 for Kings vs 9 for Sharks.